Map: Torres Crepusculares

Players

TheZergLord

  • Race: Zerg Zerg
  • League: Master

Buster - Winner!

  • Race: Terran Terran
  • League: Grandmaster

VOD

https://www.youtube.com/watch?v=vTYxA8U9d4c

Description

Time

  • Played on: April 25, 2016, 12:50 p.m.
  • Length: 11:09
Show
View Real Time Build Order
Export as new Build Order

TheZergLord Zerg 

Build Orders: Hatch First 

Get SALT Encoding   

  12  0:01  Drone  
  13  0:12  Overlord  
  13  0:17  Drone  
  14  0:31  Drone x2  
  14  0:34  Drone  
  17  0:54  Hatchery  
  17  0:56  Drone  
  17  1:00  Drone  
  18  1:10  Extractor  
  17  1:14  Spawning Pool  
  17  1:15  Drone  
  17  1:19  Drone  
  18  1:28  Drone  
  19  1:40  Overlord  
  19  2:00  Queen  
  22  2:01  Zergling x4  
  22  2:06  Queen, Zergling x2  
  26  2:13  Metabolic Boost  
  26  2:16  Drone  
  26  2:19  Drone  
  26  2:22  Drone  
  29  2:34  Drone x2  
  30  2:39  Extractor  
  30  2:43  Queen  
  31  2:46  Drone x2  
  34  2:53  Drone  
  34  2:56  Extractor  
  34  2:57  Overlord  
  34  2:59  Drone  
  35  3:10  Roach Warren  
  34  3:12  Zergling x2  
  34  3:13  Zergling x2  
  33  3:27  Zergling x4  
  33  3:28  Zergling x2  
  33  3:29  Overlord  
  36  3:51  Roach x3  
  36  3:52  Roach x2  
  36  3:54  Roach x3  
  52  4:00  Overlord  
  52  4:03  Overlord  
  49  4:35  Zergling x10  
  49  4:36  Zergling x12  
  59  4:45  Overlord  
  59  4:48  Overlord  
  59  5:12  Ravager  
  59  5:13  Ravager x2  
  62  5:15  Drone x6  
  62  5:19  Drone x3  
  62  5:21  Evolution Chamber  
  69  5:35  Drone x5  
  73  5:36  Drone  
  75  5:42  Overlord  
  75  5:52  Zerg Missile Weapons Level 1, Extractor x2  
  75  5:53  Queen  
  71  6:19  Overlord  
  61  6:36  Lair  
  60  6:42  Queen  
  62  6:48  Drone x7  
  69  6:57  Drone x2  
  69  6:58  Extractor, Drone x2  
  69  6:59  Drone x3  
  69  7:00  Drone x4  
  79  7:03  Evolution Chamber  
  79  7:04  Hatchery  
  79  7:06  Ravager  
  79  7:07  Ravager x3  
  81  7:09  Hatchery  
  81  7:10  Roach x3  
  86  7:28  Roach x2  
  86  7:29  Roach  
  92  7:33  Zerg Ground Armor Level 1  
  92  7:34  Overlord x2  
  92  7:35  Overlord  
  92  7:43  Glial Reconstitution  
  92  7:56  Zerg Missile Weapons Level 2  
  92  7:58  Drone x10  
  102  8:09  Roach x2  
  106  8:14  Extractor  
  106  8:17  Extractor  
  106  8:18  Roach x2  
  106  8:23  Roach x5  
  106  8:25  Ravager  
  106  8:26  Roach  
  119  8:29  Roach  
  121  8:47  Roach  
  115  8:59  Overlord  
  115  9:00  Roach x3  
  121  9:07  Overlord  
  121  9:08  Overlord x4  
  121  9:16  Queen  
  121  9:20  Roach  
  121  9:21  Roach x6  
  130  9:24  Ravager  
  130  9:29  Roach x4  
  130  9:30  Roach x3  
  144  9:38  Roach x2  
  135  9:52  Roach  
  104  9:53  Roach x8  
  99  10:09  Roach x4  
  95  10:26  Roach x3  
  101  10:29  Ravager x6  
  101  10:30  Ravager x2  
  101  10:32  Roach  
  111  10:40  Roach x2  
Show
View Real Time Build Order
Export as new Build Order

Buster Terran - Winner!

Build Orders: Bio Tank 

Get SALT Encoding   

  12  0:02  SCV  
  13  0:14  SCV  
  13  0:18  Supply Depot  
  14  0:26  SCV  
  15  0:40  SCV  
  15  0:42  Barracks  
  16  0:44  Refinery  
  16  0:52  SCV  
  17  1:04  SCV  
  17  1:10  Barracks  
  18  1:16  SCV  
  19  1:30  Reaper, Orbital Command  
  20  1:37  Supply Depot  
  20  1:56  SCV  
  20  1:58  Reaper  
  22  2:05  Reaper  
  22  2:08  SCV  
  24  2:17  Command Center  
  24  2:20  SCV  
  25  2:30  Reaper  
  25  2:35  SCV  
  27  2:43  Reaper  
  28  2:47  SCV  
  28  2:51  Refinery, Barracks  
  29  2:56  Supply Depot  
  29  2:59  SCV  
  30  3:17  SCV  
  31  3:20  Barracks Reactor  
  31  3:25  Barracks Tech Lab  
  31  3:29  Orbital Command, SCV  
  32  3:41  SCV  
  32  3:43  Marine  
  32  3:44  Marine, Stimpack  
  35  3:50  Command Center  
  35  3:54  SCV  
  36  3:55  Marine x2  
  36  3:58  SCV  
  36  4:00  Factory  
  36  4:02  Marine x2  
  40  4:06  SCV  
  42  4:10  SCV  
  42  4:13  Marine x2  
  45  4:18  SCV  
  45  4:22  SCV  
  44  4:25  Bunker, Marine  
  44  4:29  Marine  
  44  4:30  Bunker, SCV  
  44  4:31  Marine x2  
  47  4:34  SCV  
  50  4:42  SCV  
  50  4:43  Marine  
  50  4:45  Starport  
  52  4:46  Factory Reactor  
  52  4:48  Marauder  
  52  4:52  Supply Depot  
  54  4:55  Supply Depot  
  54  5:00  Factory Tech Lab  
  54  5:01  SCV  
  54  5:02  Marine x2, SCV  
  54  5:03  Orbital Command  
  56  5:07  Marine  
  56  5:11  Marauder  
  56  5:13  SCV  
  60  5:14  SCV  
  60  5:20  Siege Tank  
  64  5:22  Medivac  
  64  5:25  Orbital Command  
  64  5:27  Refinery  
  64  5:28  SCV  
  67  5:29  Refinery  
  67  5:31  SCV  
  67  5:34  Marine x2  
  72  5:35  Marauder  
  72  5:36  Marine  
  72  5:40  SCV  
  72  5:41  Supply Depot  
  74  5:43  SCV  
  75  5:52  Siege Tank, SCV  
  80  6:03  Marauder, Marine x3  
  84  6:08  SCV, Medivac  
  87  6:11  Supply Depot  
  87  6:13  Supply Depot  
  87  6:15  Supply Depot  
  87  6:21  Marine x2  
  87  6:24  SCV  
  87  6:27  Orbital Command  
  85  6:35  SCV  
  85  6:37  SCV  
  87  6:42  Siege Tank, Barracks Reactor, Medivac  
  87  6:43  Engineering Bay, Marine x3  
  87  6:45  Engineering Bay  
  95  6:48  SCV  
  95  6:49  SCV  
  97  7:00  SCV  
  98  7:04  Marauder, Marine x2, Combat Shields  
  98  7:05  SCV  
  98  7:06  SCV  
  104  7:12  Terran Infantry Weapons Level 1, Terran Infantry Armor Level 1, SCV  
  105  7:17  SCV  
  105  7:21  Marine  
  105  7:22  Marine x2  
  109  7:23  Siege Tank  
  109  7:24  SCV  
  109  7:26  Marauder, SCV  
  109  7:29  SCV  
  117  7:30  Supply Depot x2  
  117  7:32  Supply Depot  
  117  7:35  Supply Depot, Starport Reactor  
  117  7:40  Refinery  
  117  7:52  Marauder, Barracks, Marine x4, SCV x2  
  117  7:54  Barracks, SCV  
  117  7:56  Refinery  
  117  7:58  Supply Depot  
  126  8:02  Siege Tank  
  126  8:04  SCV x2  
  131  8:06  SCV  
  131  8:08  Supply Depot  
  131  8:09  Supply Depot, Marine x2  
  131  8:10  Marine x2  
  136  8:14  Marauder  
  136  8:16  SCV  
  139  8:25  Concussive Shells  
  139  8:26  Medivac x2  
  142  8:27  Marine  
  142  8:28  Marine x2  
  145  8:34  Siege Tank  
  145  8:35  Marauder  
  145  8:37  Factory  
  145  8:39  Marine  
  152  8:42  Barracks Reactor  
  152  8:44  Barracks Reactor  
  152  8:45  Marine x2  
  152  8:46  Marine  
  151  8:56  Marine  
  151  8:57  Marine  
  152  9:03  Marine x2  
  152  9:06  Siege Tank, Medivac x2  
  161  9:11  Armory  
  161  9:12  Supply Depot  
  161  9:13  Supply Depot  
  161  9:14  Marauder  
  161  9:15  Marine  
  163  9:21  Marine x4  
  163  9:22  Marine x3  
  168  9:31  Factory Tech Lab  
  168  9:32  Marine  
  168  9:35  Marine  
  169  9:38  Siege Tank  
  169  9:39  Marine, Medivac x2  
  176  9:46  Marine x2  
  176  9:52  Marine x2  
  166  9:55  Marine x2  
  166  9:56  Marine, Siege Tank  
  162  10:04  Marine  
  163  10:09  Medivac  
  163  10:10  Siege Tank  
  163  10:11  Command Center  
  163  10:12  Marine  
  162  10:25  Marine x2  
  162  10:26  Marauder, Marine x4  
  162  10:28  Widow Mine  
  167  10:35  Marine x2  
  169  10:43  Marine x3  
  169  10:44  Marine  
  171  10:50  Marine x2  
Tags
 
Add a new tag
Caveats
  • Supply blocks, unpowered buildings, or Contaminate may cause inaccurate times.
  • Supply counts are checked every 10 seconds.